 Dungeon Crawl Stone Soup version 0.24.1-1-gd1d2a07e1b (webtiles) character file.

Game seed: 11850975722193717662, levelgen mode: deterministic

60 Descartes the Sneak (level 3, 0/17 HPs)
             Began as a Felid Monk on Apr 10, 2020.
             Slain by a gnoll
             ... wielding a +0 club
              (7 damage)
             ... on level 2 of the Dungeon.
             The game lasted 00:05:11 (2212 turns).

Descartes the Sneak (Felid Monk)                    Turns: 2212, Time: 00:05:12

Health: 0/17       AC:  1    Str:  7    XL:     3   Next: 82%
Magic:  4/4        EV: 20    Int: 11    God:
Gold:   169        SH:  0    Dex: 19    Spells: 2/2 levels left
                                        Lives:  0   Deaths: 1

rFire    . . .     SeeInvis +     - Unarmed
rCold    . . .     Gourm    .   (shield unavailable)
rNeg     . . .     Faith    .   (armour unavailable)
rPois    +         Spirit   .   (helmet unavailable)
rElec    .         Reflect  .   (cloak unavailable)
rCorr    .         Harm     .   (gloves unavailable)
MR       +....                  (boots unavailable)
Stlth    ++++......             (no amulet)
HPRegen  0.05/turn              c - ring of protection from magic
MPRegen  0.09/turn              q - ring of poison resistance

@: quick
A: very small, no armour, no weapons or thrown items, stealth, claws 1, fangs 3,
see invisible, carnivore, speed 1, shaggy fur 1, slow metabolism 1, sharp paws
a: no special abilities


You were on level 2 of the Dungeon.
You were not hungry.

You visited 1 branch of the dungeon, and saw 3 of its levels.

You collected 169 gold pieces.

Inventory:

Jewellery
 c - a ring of protection from magic (left paw)
 f - a +3 ring of dexterity
 p - an uncursed ring of protection from cold
 q - a ring of poison resistance (right paw)
Scrolls
 b - 3 scrolls of teleportation {unknown}
 h - 3 scrolls of identify {unknown}
 i - a scroll of noise {unknown}
 n - a scroll of blinking {unknown}
 o - a scroll of remove curse {unknown}
Potions
 d - a potion of ambrosia
 e - 2 potions of curing {unknown}
 g - a potion of lignification {unknown}
 k - a potion of might {unknown}
 l - a potion of brilliance {unknown}
 m - 2 potions of mutation {unknown}
Comestibles
 a - 6 rations
 j - 4 chunks of flesh


   Skills:
 - Level 3.0 Fighting
 - Level 4.0 Dodging
 + Level 5.4 Stealth
 + Level 4.4 Unarmed Combat


You had 2 spell levels left.
You didn't know any spells.
Your spell library was empty.

Dungeon Overview and Level Annotations

Branches:
Dungeon (3/15)

Altars:


Innate Abilities, Weirdness & Mutations

You cannot wear armour.
You are incapable of wielding weapons or throwing items.
Your paws allow you to move quietly. (Stealth)
You have sharp claws.
You have razor-sharp teeth.
You have supernaturally acute eyesight. (SInv)
You are carnivorous and can eat meat at any time.
You cover ground quickly.
You are covered in fur. (AC +1)
You have a slow metabolism.
Your sharp claws are effective at attacking unaware monsters.


Message History

The gnoll is almost dead.
The gnoll closely misses you.
You scratch the gnoll but do no damage.
The gnoll is almost dead.
The gnoll closely misses you.
You scratch the gnoll but do no damage.
The gnoll is almost dead.
You scratch the gnoll but do no damage.
The gnoll is almost dead.
The gnoll hits you with a +0 club.
You scratch the gnoll.
The gnoll is almost dead.
The gnoll closely misses you.
You barely miss the gnoll.
The gnoll is almost dead.
The gnoll hits you with a +0 club.
You barely miss the gnoll.
The gnoll is almost dead.
The gnoll hits you with a +0 club!
You die...

....#...........###
##.#..............#
..................#
#..........####...#
#.............#...#
......#.(....##...#
#....[....#......##
#.....###.#..###..#
#.....# #.......@.#
......#
#.......g.##
#######
#..........# #
########...##
#....# ##...# ##..#
#..# #..#


You could see a gnoll.

Vanquished Creatures
  Natasha (D:3)
  Robin (D:3)
  A gnoll (D:3)
  2 adders
  An ooze (D:3)
  A worm (D:3)
  2 dart slugs (D:1)
  A leopard gecko (D:3)
  8 bats
  2 giant cockroaches (D:3)
  5 hobgoblins
  5 kobolds
  3 frilled lizards
  14 goblins
  2 rats
49 creatures vanquished.

Notes
Turn   | Place    | Note
-------+----------+-------------------------------------------
     0 | D:1      | Descartes the Felid Monk began the quest for the Orb.
     0 | D:1      | Reached XP level 1. HP: 10/10 MP: 2/2
   230 | D:1      | Reached skill level 3 in Stealth
   282 | D:1      | Reached XP level 2. HP: 14/14 MP: 3/3
   782 | D:2      | Reached skill level 4 in Stealth
   917 | D:2      | Reached XP level 3. HP: 17/17 MP: 4/4
  1624 | D:3      | Noticed Robin
  1634 | D:3      | Reached XP level 4. HP: 21/21 MP: 5/5
  1674 | D:3      | Killed Robin
  1675 | D:3      | Reached skill level 5 in Stealth
  2023 | D:3      | Noticed Natasha
  2056 | D:3      | Killed Natasha
  2192 | D:2      | Slain by a gnoll
  2193 | D:2      | Reached XP level 3. HP: -1/17 MP: 4/4
  2212 | D:2      | Slain by a gnoll

Levels and vault maps discovered:
D:1:      saegor_arrival_under_anarchy, layout_basic,
          chequers_serial_rivers_micro_a
D:2:      layout_rooms
D:3:      layout_basic, first_ration, uniq_natasha, uniq_robin

Skill      XL: |  1  2  3  4 |
---------------+-------------+-----
Stealth        | 3 4 5 |  5.4
Unarmed Combat | 4 |  4.4
Fighting       | |  3.0
Dodging        | |  4.0

Action                   |  1- 3 |  4- 6 || total
-------------------------+-------+-------++-------
Melee: Unarmed           |   111 |    55 ||   166
       Bite              |     6 |     9 ||    15
       Punch             |     2 |     1 ||     3
  Use: Potion            |     1 |       ||     1
 Stab: Sleeping          |     8 |     2 ||    10
       Distracted        |     1 |       ||     1
  Eat: Chunk             |     9 |     1 ||    10
Armor: Skin              |     3 |     1 ||     4
Dodge: Dodged            |   106 |    25 ||   131
